 Dungeon Crawl Stone Soup version 0.27-a0-577-ge2a43ba0c9 (webtiles) character file.

Game seed: 9465450988698615304

13903 greynaab the Covert (level 12, -6/89 HPs)
             Began as a Gnoll Enchanter on Mar 9, 2021.
             Was a Priest of Dithmenos.
             Mangled by a two-headed ogre
             ... wielding a +0 giant club
              (13 damage)
             ... on level 9 of the Dungeon.
             The game lasted 00:56:32 (11667 turns).

greynaab the Covert (Gnoll Enchanter)              Turns: 11667, Time: 00:56:33

Health: -6/89      AC: 12    Str: 10    XL:     12   Next: 10%
Magic:  24/24      EV: 14    Int: 20    God:    Dithmenos [***...]
Gold:   511        SH:  5    Dex: 10    Spells: 19/28 levels left

rFire    . . .     SeeInvis .   b - +5 dagger (holy)
rCold    . . .     Faith    .   w - +0 buckler
rNeg     . . .     Spirit   .   A - +1 robe {Will+}
rPois    .         Reflect  .   o - +0 helmet
rElec    .         Harm     .   (no cloak)
rCorr    .         Rampage  .   G - +1 pair of gloves
Will     +....     Rnd*Rage +   L - +0 pair of boots
Stlth    +++++.....             E - amulet of regeneration
HPRegen  1.24/turn              R - +4 ring of protection
MPRegen  0.19/turn              (no ring)

@: wreathed by umbra
A: fangs 1, hooves 1, berserk 1, clever 1, clumsy 1, strong nose, distributed
training
a: Renounce Religion, Shadow Step


You were on level 9 of the Dungeon.
You worshipped Dithmenos.
Dithmenos was most pleased with you.
You visited 2 branches of the dungeon, and saw 10 of its levels.
You also visited: Bailey.

You collected 651 gold pieces.
You spent 140 gold pieces at shops.

Inventory:

Hand Weapons
 a - a +0 dagger of venom
 b - a +5 dagger of holy wrath (weapon)
 H - the +9 war axe of Gysep {venom, Str+3 Int+7}
   (You found it on level 5 of the Dungeon)

   It poisons the flesh of those it strikes.
   It affects your strength (+3).
   It affects your intelligence (+7).
 N - a +0 broad axe
 O - the +3 hunting sling of Action {flame, SInv}
   (You took it off an orc warrior in a bailey)

   It causes projectiles fired from it to burn those they strike, causing extra
   injury to most foes and up to half again as much damage against particularly
   susceptible opponents.
   It lets you see invisible.
Missiles
 u - 5 throwing nets
Armour
 o - a +0 helmet (worn)
 s - a +2 kite shield
 w - a +0 buckler (worn)
 A - a +1 robe of willpower (worn)
 G - a +1 pair of gloves (worn)
 L - a +0 pair of boots (worn)
 P - a +4 chain mail of fire resistance
Jewellery
 C - an amulet of faith
 D - an amulet of the acrobat
 E - an amulet of regeneration (around neck)
 R - a +4 ring of protection (left hand)
Wands
 e - a wand of flame (11)
 k - a wand of polymorph (5)
 y - a wand of random effects (13)
 K - a wand of iceblast (13)
Scrolls
 c - a scroll of enchant armour {unknown}
 g - 2 scrolls of teleportation
 j - a scroll of noise {unknown}
 l - 2 scrolls of blinking
 m - a scroll of immolation
 p - a scroll of amnesia {unknown}
 q - 2 scrolls of enchant weapon
 r - 2 scrolls of magic mapping
 x - a scroll of identify
 J - a scroll of fog {unknown}
 Q - a scroll of acquirement {unknown}
Potions
 d - 2 potions of heal wounds
 f - 3 potions of curing
 h - 5 potions of brilliance {unknown}
 i - 2 potions of might
 n - 3 potions of cancellation {unknown}
 t - 2 potions of mutation
 v - a potion of attraction
 z - a potion of haste
 B - a potion of flight
 F - a potion of magic {unknown}


   Skills:
 + Level 6.8 Fighting
 + Level 7.3 Short Blades
 + Level 6.8 Long Blades
 + Level 6.8 Axes
 + Level 6.8 Maces & Flails
 + Level 6.8 Polearms
 + Level 6.8 Staves
 + Level 6.8 Slings
 + Level 6.8 Bows
 + Level 6.8 Crossbows
 + Level 6.8 Throwing
 + Level 6.8 Armour
 + Level 8.3 Dodging
 + Level 9.2 Stealth
 + Level 6.8 Shields
 + Level 6.8 Unarmed Combat
 + Level 8.5 Spellcasting
 + Level 5.6 Conjurations
 + Level 8.0 Hexes
 + Level 5.6 Summonings
 + Level 5.6 Necromancy
 + Level 5.6 Translocations
 + Level 5.6 Transmutations
 + Level 5.6 Fire Magic
 + Level 5.6 Ice Magic
 + Level 5.6 Air Magic
 + Level 5.6 Earth Magic
 + Level 5.6 Poison Magic
 + Level 7.5 Invocations
 + Level 6.8 Evocations


You had 19 spell levels left.
You knew the following spells:

 Your Spells              Type           Power      Damage    Failure   Level
a - Corona                Hex            44%        N/A       1%          1
b - Ensorcelled Hibernat  Hex/Ice        70%        N/A       1%          2
c - Tukima's Dance        Hex            40%        N/A       1%          3
d - Dazzling Flash        Conj/Hex       70%        N/A       1%          3

Your spell library contained the following spells:

 Spells                   Type           Power      Damage    Failure   Level
 Sting                    Tmut/Pois      100%       1d8       1%          1
 Confusing Touch          Hex            40%        N/A       1%          3


Dungeon Overview and Level Annotations

Branches:
Dungeon (9/15)             Temple (1/1) D:7          Bailey (visited)
   Lair: D:8-11         Orc: D:9-12

Altars:
Ashenzari
Cheibriados
Dithmenos
Elyvilon
Gozag
Hepliaklqana
Kikubaaqudgha
Makhleb
Nemelex Xobeh
Okawaru
Qazlal
Ru
Sif Muna
Trog
Uskayaw
Vehumet
Wu Jian
Xom
Yredelemnul
Zin
The Shining One

Shops:
D:4 *!


Innate Abilities, Weirdness & Mutations

You have very sharp teeth.
Your uncanny sense of smell can sniff out nearby items.
Your experience applies equally to all skills.
You have large cloven feet.
You tend to lose your temper in combat.
Your mind is acute. (Int +2)
You are clumsy. (Dex -2)


Message History

The vampire mosquito is moderately damaged.
You block the vampire mosquito's attack.
You hit the vampire mosquito.
The vampire mosquito convulses.
The vampire mosquito is severely damaged.
The vampire mosquito closely misses you.
You hit the vampire mosquito but do no damage.
The vampire mosquito is severely damaged.
The vampire mosquito closely misses you.
You hit the vampire mosquito.
The vampire mosquito convulses.
The vampire mosquito is severely damaged.
The vampire mosquito bites you.
The vampire mosquito draws strength from your injuries!
You hit the vampire mosquito but do no damage.
You bite the vampire mosquito, but do no damage.
The vampire mosquito is severely damaged.
The vampire mosquito misses you. The vampire mosquito barely misses you.
You barely miss the vampire mosquito.
The vampire mosquito is severely damaged.
The vampire mosquito bites you but does no damage.
You barely miss the vampire mosquito.
The vampire mosquito is severely damaged.
You block the vampire mosquito's attack.
You completely miss the vampire mosquito.
The vampire mosquito is severely damaged.
The vampire mosquito misses you.
The howler monkey hoots and howls with incredible vigour!
You hit the vampire mosquito.
The vampire mosquito convulses.
The vampire mosquito is almost destroyed.
The vampire mosquito misses you.
You hit the vampire mosquito.
You destroy the vampire mosquito!
Dithmenos accepts your kill.
You closely miss the two-headed ogre.
The howler monkey hoots and howls with incredible vigour!
You hit the two-headed ogre. You bite the two-headed ogre.
The two-headed ogre is lightly wounded.
The two-headed ogre hits you with a +0 giant club!!
* * * LOW HITPOINT WARNING * * *
The two-headed ogre hits you with a +0 giant club!
You die...

##(## ##.#
***..,,, ##.##
#.# **.,,, ##.##
#.## **,,, ##.##
#..# **** ##.##
#..###### *,,
##.##
#.......#**,,
#.######
####...###...,,,
###....###h...###
***,,,,
#.###.@O<...#
**,,, ###
#####...# *,,,
##..# *,,, #..#
**,,* #..# **,,**
#..#* ***∆,***
*#...***,,*** *
**..y..,,,** **
**.h.....,** **,


You could see a two-headed ogre and a howler monkey (catching breath).

Vanquished Creatures
  An orc warlord (Bailey)
  Erolcha (D:9)
  Pikel (D:5)
  Sigmund (D:3)
  4 vampire mosquitoes (D:9)
  A water moccasin (D:9)
  2 ice beasts
  2 sky beasts
  11 orc warriors
  9 ogres
  A centaur (D:9)
  3 phantoms
  Blork the orc (D:5)
  4 bullfrogs
  A wyvern skeleton (D:6)
  3 scorpions
  A water moccasin skeleton (D:8)
  8 wights
  2 howler monkeys (D:9)
  A bullfrog zombie (D:6)
  A centaur zombie (D:9)
  2 orc priests
  A gnoll shaman (D:6)
  5 hounds
  A bullfrog skeleton (D:4)
  Ijyb (D:3)
  Jessica (D:2)
  Terence (D:2)
  Natasha (twice) (D:3)
  7 orc wizards
  7 worker ants
  A killer bee zombie (D:9)
  Robin (D:2)
  A howler monkey zombie (D:9)
  14 gnolls
  4 adders
  A howler monkey skeleton (D:4)
  3 white imps
  2 ufetubi
  An adder zombie (D:6)
  An adder skeleton (D:5)
  A worm (D:2)
  2 dart slugs
  3 leopard geckos
  57 orcs
  A ball python (D:1)
  6 giant cockroaches
  30 goblins
  16 hobgoblins
  8 jackals
  11 kobolds
  4 quokkas
  8 bats
  5 frilled lizards
  8 rats
276 creatures vanquished.

Vanquished Creatures (collateral kills)
  An orc warrior (Bailey)
  A gnoll (Bailey)
  3 orcs (Bailey)
  2 goblins (Bailey)
  3 hobgoblins (Bailey)
10 creatures vanquished.

Vanquished Creatures (others)
  6 dancing weapons (Bailey)
  Natasha (D:3)
  7 plants (D:4)
14 creatures vanquished.

Grand Total: 300 creatures vanquished

Notes
Turn   | Place    | Note
-------+----------+-------------------------------------------
     0 | D:1      | greynaab the Gnoll Enchanter began the quest for the Orb.
     0 | D:1      | Reached XP level 1. HP: 13/13 MP: 6/6
   441 | D:1      | Reached XP level 2. HP: 15/19 MP: 5/7
   444 | D:1      | Learned a level 2 spell: Ensorcelled Hibernation
  1014 | D:1      | Reached XP level 3. HP: 25/25 MP: 9/9
  1171 | D:1      | Reached skill level 5 in Spellcasting
  1263 | D:2      | Learned a level 3 spell: Tukima's Dance
  1328 | D:2      | Reached skill level 6 in Stealth
  1371 | D:2      | Noticed Terence
  1391 | D:2      | Killed Terence
  1392 | D:2      | Reached skill level 1 in Fighting
  1392 | D:2      | Reached skill level 1 in Long Blades
  1392 | D:2      | Reached skill level 1 in Axes
  1392 | D:2      | Reached skill level 1 in Maces & Flails
  1392 | D:2      | Reached skill level 1 in Polearms
  1392 | D:2      | Reached skill level 1 in Staves
  1392 | D:2      | Reached skill level 1 in Slings
  1392 | D:2      | Reached skill level 1 in Bows
  1392 | D:2      | Reached skill level 1 in Crossbows
  1392 | D:2      | Reached skill level 1 in Throwing
  1392 | D:2      | Reached skill level 1 in Armour
  1392 | D:2      | Reached skill level 1 in Shields
  1392 | D:2      | Reached skill level 1 in Unarmed Combat
  1392 | D:2      | Reached skill level 1 in Invocations
  1392 | D:2      | Reached skill level 1 in Evocations
  1440 | D:2      | Reached XP level 4. HP: 32/32 MP: 11/11
  1444 | D:2      | Noticed Robin
  1540 | D:2      | Noticed Jessica
  1541 | D:2      | Killed Robin
  1845 | D:2      | Reached skill level 1 in Conjurations
  1845 | D:2      | Reached skill level 1 in Summonings
  1845 | D:2      | Reached skill level 1 in Necromancy
  1845 | D:2      | Reached skill level 1 in Translocations
  1845 | D:2      | Reached skill level 1 in Transmutations
  1845 | D:2      | Reached skill level 1 in Fire Magic
  1845 | D:2      | Reached skill level 1 in Ice Magic
  1845 | D:2      | Reached skill level 1 in Air Magic
  1845 | D:2      | Reached skill level 1 in Earth Magic
  1845 | D:2      | Reached skill level 1 in Poison Magic
  1878 | D:2      | Killed Jessica
  1879 | D:2      | Reached XP level 5. HP: 37/37 MP: 9/12
  2043 | D:2      | Learned a level 3 spell: Dazzling Flash
  2103 | D:2      | Found a stormy altar of Qazlal.
  2440 | D:3      | Found a shadowy altar of Dithmenos.
  2544 | D:3      | Noticed Sigmund
  2546 | D:3      | Noticed Ijyb
  2548 | D:3      | Killed Sigmund
  2549 | D:3      | Reached skill level 5 in Dodging
  2549 | D:3      | Reached XP level 6. HP: 44/44 MP: 14/14
  2595 | D:3      | Killed Ijyb
  2885 | D:3      | Noticed Natasha
  3122 | D:3      | Killed Natasha
  3268 | D:3      | Reached XP level 7. HP: 50/50 MP: 15/15
  3341 | D:3      | Noticed Natasha
  3348 | D:3      | Killed Natasha
  3569 | D:3      | Noticed Natasha
  3599 | D:3      | Gained mutation: You are clumsy. (Dex -2) [potion of
                  | mutation]
  3599 | D:3      | Gained mutation: You tend to lose your temper in combat.
                  | [potion of mutation]
  3599 | D:3      | Gained mutation: You have large cloven feet. [potion of
                  | mutation]
  3599 | D:3      | Gained mutation: Your mind is acute. (Int +2) [potion of
                  | mutation]
  3600 | D:3      | Killed Natasha
  3898 | D:4      | Found Huf Kydgh's Distillery.
  3903 | D:4      | Bought a potion of haste for 140 gold pieces
  4320 | D:4      | Found Onnuizim's Mayhem Merchandise.
  5035 | D:4      | Reached XP level 8. HP: 57/57 MP: 13/16
  5622 | D:5      | Entered Level 5 of the Dungeon
  6027 | D:5      | Found a white marble altar of Elyvilon.
  6067 | D:5      | Noticed Pikel
  6080 | D:5      | Killed Pikel
  6081 | D:5      | Reached skill level 7 in Stealth
  6081 | D:5      | Reached XP level 9. HP: 49/65 MP: 15/18
  6190 | D:5      | Noticed Blork the orc
  6197 | D:5      | Killed Blork the orc
  6240 | D:5      | Found a glowing golden altar of the Shining One.
  6240 | D:5      | Found a sacrificial altar of Ru.
  6240 | D:5      | Found an iron altar of Okawaru.
  6241 | D:5      | Found a glowing silver altar of Zin.
  6242 | D:5      | Found a basalt altar of Yredelemnul.
  6242 | D:5      | Found a snail-covered altar of Cheibriados.
  6242 | D:5      | Found a shimmering altar of Xom.
  6356 | D:5      | Identified the +9 war axe of Gysep {venom, Str+3 Int+7}
  7001 | D:6      | Found a broken altar of Ashenzari.
  7155 | D:6      | Reached skill level 5 in Short Blades
  7834 | D:6      | Reached skill level 5 in Invocations
  8466 | D:7      | Found a staircase to the Ecumenical Temple.
  8880 | Temple   | Entered the Ecumenical Temple
  9099 | D:3      | Became a worshipper of Dithmenos the Shadowed
  9220 | D:8      | Reached XP level 10. HP: 73/73 MP: 20/20
  9417 | D:8      | Found a shimmering blue altar of Sif Muna.
  9733 | D:8      | Identified Sif Muna's Volume of Intoxication
  9886 | D:8      | Reached skill level 5 in Fighting
  9886 | D:8      | Reached skill level 5 in Long Blades
  9886 | D:8      | Reached skill level 5 in Axes
  9886 | D:8      | Reached skill level 5 in Maces & Flails
  9886 | D:8      | Reached skill level 5 in Polearms
  9886 | D:8      | Reached skill level 5 in Staves
  9886 | D:8      | Reached skill level 5 in Slings
  9886 | D:8      | Reached skill level 5 in Bows
  9886 | D:8      | Reached skill level 5 in Crossbows
  9886 | D:8      | Reached skill level 5 in Throwing
  9886 | D:8      | Reached skill level 5 in Armour
  9886 | D:8      | Reached skill level 5 in Shields
  9886 | D:8      | Reached skill level 5 in Unarmed Combat
  9886 | D:8      | Reached skill level 5 in Evocations
 10012 | D:8      | Reached * piety under Dithmenos
 10180 | D:9      | Found a flagged portal.
 10185 | Bailey   | Entered a bailey
 10343 | Bailey   | Reached skill level 8 in Stealth
 10483 | Bailey   | Reached ** piety under Dithmenos
 10920 | Bailey   | Noticed an orc warlord
 10952 | Bailey   | Identified the +3 hunting sling of Action {flame, SInv}
 10967 | Bailey   | Killed an orc warlord
 11177 | Bailey   | Reached skill level 9 in Stealth
 11177 | Bailey   | Reached skill level 5 in Conjurations
 11177 | Bailey   | Reached skill level 5 in Summonings
 11177 | Bailey   | Reached skill level 5 in Necromancy
 11177 | Bailey   | Reached skill level 5 in Translocations
 11177 | Bailey   | Reached skill level 5 in Transmutations
 11177 | Bailey   | Reached skill level 5 in Fire Magic
 11177 | Bailey   | Reached skill level 5 in Ice Magic
 11177 | Bailey   | Reached skill level 5 in Air Magic
 11177 | Bailey   | Reached skill level 5 in Earth Magic
 11177 | Bailey   | Reached skill level 5 in Poison Magic
 11177 | Bailey   | Reached XP level 11. HP: 83/83 MP: 21/23
 11305 | D:9      | Noticed Erolcha
 11315 | D:9      | Killed Erolcha
 11316 | D:9      | Reached XP level 12. HP: 89/89 MP: 19/24
 11502 | D:9      | Reached *** piety under Dithmenos
 11573 | D:9      | Noticed a two-headed ogre
 11667 | D:9      | Mangled by a two-headed ogre

Illustrated notes

Levels and vault maps discovered:
D:1:      saegor_arrival_simple_c, layout_basic, serial_co_window_serial,
          co_window_corner_a, co_window_paths_a, co_window_cross_1,
          co_window_of_opportunity_a, co_window_of_opportunity_a,
          co_window_corner_b, co_window_paths_c, co_window_unsneaky_path_c,
          co_window_corner_b, glass_columns_b, glass_columns_a
D:2:      layout_rooms, lemuel_coloured_pillars_altar, uniq_terence,
          uniq_jessica, uniq_robin
D:3:      layout_rooms, grunt_dithmenos_smoke_and_mirrors, grunt_ministairs_6,
          nrook_campfire, kennysheep_cluttered_room, feat_on_display,
          uniq_sigmund, uniq_natasha, uniq_ijyb
D:4:      layout_loops_corners, serial_shops, nicolae_shop_stone,
          serial_bayou_ford_a, minmay_shop_mayhem
D:5:      layout_basic, kennysheep_mini, grunt_temple_overflow_open,
          chequers_big_river, uniq_blork_the_orc, uniq_pikel
D:6:      layout_gridville, evilmike_ruin_ashenzari
D:7:      layout_basic, minmay_temple_entry_glassed_door, serial_rivers,
          chequers_serial_rivers_room_a, chequers_serial_rivers_micro_e,
          chequers_serial_rivers_micro_e, chequers_serial_rivers_small_a,
          chequers_serial_rivers_small_a, chequers_serial_rivers_micro_d
D:8:      layout_cave_pods, led_sif_book
D:9:      layout_layer_cave, lemuel_round_altar, enter_bailey_2, uniq_erolcha
Temple:   nicolae_temple_figure_zero

Skill      XL: |  1  2  3  4  5  6  7  8  9 10 11 12 |
---------------+-------------------------------------+-----
Spellcasting   | 5 6 7 8 |  8.5
Stealth        | 6 7 9 |  9.2
Fighting       | 1 2 3 4 6 |  6.8
Long Blades    | 1 2 3 4 6 |  6.8
Axes           | 1 2 3 4 6 |  6.8
Maces & Flails | 1 2 3 4 6 |  6.8
Polearms       | 1 2 3 4 6 |  6.8
Staves         | 1 2 3 4 6 |  6.8
Slings         | 1 2 3 4 6 |  6.8
Bows           | 1 2 3 4 6 |  6.8
Crossbows      | 1 2 3 4 6 |  6.8
Throwing       | 1 2 3 4 6 |  6.8
Armour         | 1 2 3 4 6 |  6.8
Shields        | 1 2 3 4 6 |  6.8
Unarmed Combat | 1 2 3 4 6 |  6.8
Invocations    | 1 2 3 4 5 7 |  7.5
Evocations     | 1 2 3 4 6 |  6.8
Conjurations   | 1 2 3 5 |  5.6
Summonings     | 1 2 3 5 |  5.6
Necromancy     | 1 2 3 5 |  5.6
Translocations | 1 2 3 5 |  5.6
Transmutations | 1 2 3 5 |  5.6
Fire Magic     | 1 2 3 5 |  5.6
Ice Magic      | 1 2 3 5 |  5.6
Air Magic      | 1 2 3 5 |  5.6
Earth Magic    | 1 2 3 5 |  5.6
Poison Magic   | 1 2 3 5 |  5.6
Short Blades   | 3 4 5 7 |  7.3
Dodging        | 5 6 8 |  8.3
Hexes          | 6 7 8 |  8.0

Action                   |  1- 3 |  4- 6 |  7- 9 | 10-12 || total
-------------------------+-------+-------+-------+-------++-------
Melee: Dagger            |    48 |   159 |   401 |   460 ||  1068
       Bite              |     4 |     4 |    30 |    39 ||    77
       Short sword       |    27 |    13 |       |       ||    40
       Unarmed           |    13 |       |       |       ||    13
       Punch             |       |     1 |       |       ||     1
       Kick              |       |       |    68 |       ||    68
       War axe           |       |       |       |    41 ||    41
 Cast: Corona            |     9 |     1 |     3 |     3 ||    16
       Ensorcelled Hiber |     1 |    27 |    43 |     8 ||    79
       Tukima's Dance    |     1 |       |     2 |    21 ||    24
       Dazzling Flash    |       |     3 |     1 |     5 ||     9
Invok: Shadow Step       |       |       |       |     1 ||     1
Evoke: Wand              |       |     1 |       |    12 ||    13
  Use: Potion            |       |       |     5 |     7 ||    12
       Scroll            |       |       |       |    11 ||    11
 Stab: Sleeping          |    16 |    15 |    25 |    11 ||    67
       Distracted        |       |     1 |     1 |       ||     2
       Invisible         |       |     1 |     1 |     4 ||     6
Armor: Robe              |     8 |    25 |    54 |    56 ||   143
       Skin              |     1 |       |       |       ||     1
       Leather armour    |       |    14 |       |       ||    14
Dodge: Dodged            |    50 |   126 |   147 |   243 ||   566
Block: Buckler           |       |    15 |    53 |    87 ||   155

Table legend: (Time is in decaauts)
 A = Elapsed time spent in this place.
 B = Non-inter-level travel time spent in this place.
 C = Inter-level travel time spent in this place.
 D = Time resting spent in this place.
 E = Time spent auto-exploring this place.
 F = Levels seen in this place.
 G = Mean time per level.
                   A        B        C        D        E       F      G
               +--------+--------+--------+--------+--------+-----+--------+
         Total |  11478 |  10848 |    630 |   2222 |   5810 |  11 | 1043.5 |
       Dungeon |  10417 |   9797 |    620 |   2017 |   5475 |   9 | 1157.4 |
        Temple |    123 |    113 |     10 |      0 |    113 |   1 |  123.0 |
        Bailey |    936 |    936 |      0 |    205 |    222 |   1 |  936.0 |
               +--------+--------+--------+--------+--------+-----+--------+

Top non-repeatable levels by time:
     D:4: 1825 daAuts
     D:1: 1445 daAuts
     D:3: 1381 daAuts
     D:5: 1177 daAuts
     D:6: 1092 daAuts
     D:2: 1045 daAuts
     D:7: 1022 daAuts
  Bailey: 936 daAuts
     D:8: 893 daAuts
     D:9: 533 daAuts
  Temple: 123 daAuts
